 Dungeon Sprint DCSS version 0.29.1-15-g9cfb28693d (webtiles) character file.

Game seed: 3440843795262445657

77 Groucho the Ducker (level 4, -12/39 HPs)
             Began as a Merfolk Monk on Mar 30, 2023.
             Mangled by a water elemental (19 damage)
             ... in the Dungeon (Sprint III: "The Ten Rune Challenge").
             The game lasted 00:03:22 (226 turns).

Groucho the Ducker (Merfolk Monk)                    Turns: 226, Time: 00:03:23

Health: -12/39     AC:  2    Str: 13    XL:     4   Next: 33%
Magic:  4/4        EV: 15    Int:  9    God:
Gold:   21         SH:  0    Dex: 16    Spells: 3/3 levels left

rFire   . . .      SeeInvis .   a - +0 hand axe
rCold   . . .      Faith    .   (no shield)
rNeg    . . .      Spirit   .   b - +0 robe
rPois   .          Reflect  .   (no helmet)
rElec   .          Harm     .   (no cloak)
rCorr   .          Rampage  .   (no gloves)
Will    .....      NoTele   +   (no boots)
Stlth   +++.......              (no amulet)
HPRegen 0.13/turn               (no ring)
MPRegen 0.09/turn               (no ring)

@: engulfed
A: (nimble swimmer 2), mertail
a: no special abilities


You were in the Dungeon.
You visited 1 branch You collected 21 gold pieces.

Inventory:

Hand Weapons
 a - a +0 hand axe (weapon)
Missiles
 j - 6 boomerangs (quivered)
Armour
 b - a +0 robe (worn)
Scrolls
 e - 2 scrolls of torment {unknown}
 l - a scroll of immolation {unknown}
 m - 2 scrolls of identify
Potions
 c - a potion of ambrosia
 d - 5 potions of mutation {unknown}
 f - a potion of haste
 g - 2 potions of magic
 h - a potion of heal wounds
 i - 3 potions of flight
 k - a potion of degeneration {unknown}


   Skills:
 + Level 5.5 Fighting
 + Level 4.1 Axes
 + Level 6.6 Dodging
 + Level 5.2 Stealth


You had 3 spell levels left.
You didn't know any spells.
Your spell library was empty.

Dungeon Overview and Level Annotations

Branches:
Dungeon (1/1)

Altars:


Innate Abilities, Weirdness & Mutations

((You are very nimble when in or above water. (Stealth+, EV+, Speed+++)))
Your lower body shifts to a powerful aquatic tail in water.


Message History

You open the door.
Found 15 gold pieces and 2 bubbling sapphire potions.
Found 6 gold pieces and 2 bubbling sapphire potions.
There is an open door here.
You now have 15 gold pieces.
d - 2 bubbling sapphire potions;
e - a scroll labelled DYOMNO ZUMIRI
e - 2 scrolls labelled DYOMNO ZUMIRI (gained 1)
h - a potion of heal wounds;
i - a potion of flight
d - 4 bubbling sapphire potions (gained 2)
l - a scroll labelled KAPLEY UCAYCU;
m - 2 scrolls of identify
d - 5 bubbling sapphire potions (gained 1)
i - 3 potions of flight (gained 2)
You now have 21 gold pieces (gained 6).
You recover from your berserk rage.
There is an open door here.
Your legs become a tail as you enter the water.
You open the door.
A water elemental comes into view.
There is an open door to the Ecumenical Temple here.
You hit the water elemental but do no damage.
The water elemental completely misses you.
You hit the water elemental.
The water elemental is lightly damaged.
The water elemental hits you!
The water elemental engulfs you in water!
You hit the water elemental.
The water elemental is lightly damaged.
The water elemental hits you!
You barely miss the water elemental.
The water elemental is lightly damaged.
The water elemental hits you!
You hit the water elemental.
The water elemental is lightly damaged.
The water elemental hits you.
* * * LOW HITPOINT WARNING * * *
The water elemental barely misses you.
You hit the water elemental but do no damage.
The water elemental is lightly damaged.
The water elemental hits you!!
You die...

▓▓▓▓▓▓▓▓▓▓▓ ▓▓▓
.#..'.....♣♣ ♣.#
.#..#....♣.♣ ♣.#
'####.....♣ ♣♣.#
....#....~♣♣ ♣..###+#+##
....#...~~.♣♣♣..#.......
...†#..~~~~...♣.@.⌠.....
###'#..~≈≈~~~♣..#E..####
....#.~~≈†~~....#.⌠.#
....#.~≈~~~.....#...#
....#.~~~.......#+###
#####...........#
.§..............#
▓▓▓▓▓▓▓▓▓▓▓▓▓▓▓▓▓


You could see a water elemental.

Vanquished Creatures
  A scorpion (D)
  A human (D)
  An endoplasm (D)
  3 rats (D)
6 creatures vanquished.

Notes
Turn   | Place    | Note
-------+----------+-------------------------------------------
     0 | D        | Groucho the Merfolk Monk began the quest for the Orb.
     0 | D        | Reached XP level 1. HP: 18/18 MP: 1/1
   138 | D        | Noticed a scorpion
   158 | D        | Reached skill level 5 in Dodging
   158 | D        | Reached XP level 2. HP: 26/26 MP: 2/2
   159 | D        | Killed a scorpion
   160 | D        | Reached skill level 5 in Fighting
   160 | D        | Reached skill level 6 in Dodging
   160 | D        | Reached skill level 5 in Stealth
   160 | D        | Reached XP level 3. HP: 33/33 MP: 3/3
   160 | D        | Reached XP level 4. HP: 39/39 MP: 4/4
   220 | D        | Noticed a water elemental
   226 | D        | Mangled by a water elemental

Illustrated notes

Levels and vault maps discovered:
D:        dungeon_sprint_mu [sprint_mu_entry_forest, sprint_mu_temple_rooms,
          sprint_mu_d1_spiders, sprint_mu_d2_genie, sprint_mu_d3_branching,
          sprint_mu_orc_legion, sprint_mu_elf_gauntlet, sprint_mu_hive_nellie,
          sprint_mu_lair_fedhas, sprint_mu_vaults_butterflies,
          sprint_mu_slime_circle, sprint_mu_swamp_cave, sprint_mu_snake_twists,
          sprint_mu_blade_basic, sprint_mu_crypt_lich, sprint_mu_tomb_spiral,
          sprint_mu_vestibule_basic, sprint_mu_gehenna_hellfire,
          sprint_mu_dis_giant, sprint_mu_tartarus_statrot,
          sprint_mu_cocytus_islands, sprint_mu_zot1]

Skill      XL: |  1  2 |
---------------+-------+-----
Fighting       | 4 5 |  5.5
Axes           | 3 4 |  4.1
Dodging        | 5 6 |  6.6
Stealth        | 3 5 |  5.2

Action                   |  1- 3 |  4- 6 || total
-------------------------+-------+-------++-------
Melee: Hand axe          |    22 |     6 ||    28
       Punch             |     1 |       ||     1
       Tailslap          |     1 |       ||     1
Throw: Boomerang         |     9 |       ||     9
  Use: Potion            |     3 |       ||     3
       Scroll            |     1 |       ||     1
Armor: Robe              |     1 |       ||     1
Dodge: Dodged            |    24 |     2 ||    26
